 Dungeon Sprint DCSS version 0.30-a0-937-ga0a21ad780 (webtiles) character file.

Game seed: 8594373832732296432

2900000 DiggyJ the Axe Maniac (level 20, -14/216 HPs)
             Began as a Hill Orc Berserker on Mar 24, 2023.
             Was the Champion of Trog.
             Killed by an exploding large bag of meat (35 damage)
             ... ignited by their inner flame
             ... in the Dungeon (Sprint VIII: "Arena of Blood").
             The game lasted 00:02:20 (29 turns).

DiggyJ the Axe Maniac (Hill Orc Berserker)            Turns: 29, Time: 00:02:21

Health: -14/216    AC:  4    Str: 29    XL:     20   Next: 42%
Magic:  18/32      EV: 22    Int:  7    God:    Trog [******]
Gold:   0          SH:  0    Dex: 10    Spells: 19/19 levels left

rFire   . . .      SeeInvis .    i - +∞ Axe of Woe
rCold   . . .      Faith    .    (shield currently unavailable)
rNeg    . . .      Spirit   .    b - +0 animal skin
rPois   .          Reflect  .    (no helmet)
rElec   .          Rampage  .    (no cloak)
rCorr   .          NoTele   +    (no gloves)
Will    +....                    (no boots)
Stlth   +++++++++                (no amulet)
HPRegen 0.56/turn                (no ring)
MPRegen 0.23/turn                (no ring)

@: no status effects
A: no striking features
a: Renounce Religion, Berserk, Trog's Hand, Brothers in Arms


You were in the Dungeon.
You worshipped Trog.
Trog was exalted by your worship.
You visited 1 branch

Inventory:

Hand Weapons
 a - a +0 hand axe
 i - the +∞ Axe of Woe (weapon)
   (You found it in the Dungeon)
Armour
 b - a +0 animal skin (worn)
Scrolls
 h - a scroll of blinking
Potions
 c - a potion of curing
 d - a potion of heal wounds
 e - a potion of haste
 f - 2 potions of magic
 g - a potion of berserk rage


   Skills:
 O Level 27 Fighting
 + Level 14.4(16.6) Short Blades
 + Level 14.8(17.6) Long Blades
 O Level 27 Axes
 + Level 14.8(22.4) Maces & Flails
 + Level 14.8(22.4) Polearms
 + Level 12.6(16.6) Staves
 + Level 12.6 Ranged Weapons
 + Level 12.6 Throwing
 O Level 27 Armour
 O Level 27 Dodging
 O Level 27 Stealth
 + Level 14.9 Shields
 + Level 14.8 Unarmed Combat
 + Level 17.4 Invocations
 + Level 13.7 Evocations


You had 19 spell levels left.
You didn't know any spells.
Your spell library was empty.

Dungeon Overview and Level Annotations

Branches:
Dungeon (1/1)

Altars:
Makhleb

Annotations:
D The Servant


Message History

Your base Polearms skill gained 3 levels and is now at level 14!
Your base Staves skill gained 2 levels and is now at level 12!
Your Ranged Weapons skill gained 2 levels and is now at level 12!
Your Throwing skill gained 2 levels and is now at level 12!
Your Shields skill gained 3 levels and is now at level 14!
Your Unarmed Combat skill gained 3 levels and is now at level 14!
Your Invocations skill gained 4 levels and is now at level 17!
Your Evocations skill gained 3 levels and is now at level 13!
You have reached level 20!
You feel stronger.
You hit the large bag of meat.
Flame seeps out of the large bag of meat.
You pulverise the large bag of meat into a thin bloody mist.
Trog accepts your kill.
You slice the bag of meat!!
You dissect the bag of meat like a pig carcass.
You kill the bag of meat!
Trog accepts your kill.
You slash the bag of meat!
You fatally mangle the bag of meat.
You kill the bag of meat!
Trog accepts your kill.
You slice the bag of meat!!
You dissect the bag of meat like a pig carcass.
You kill the bag of meat!
Trog accepts your kill.
You slash the bag of meat!
You butcher the bag of meat messily.
You kill the bag of meat!
Trog accepts your kill. Trog grants you a weapon!
Something appears at your feet!
You see here a +2 antimagic halberd.
You slash the bag of meat!
You butcher the bag of meat messily.
You kill the bag of meat!
Trog accepts your kill.
You slice the bag of meat!!
You slaughter the bag of meat joyfully.
You kill the bag of meat!
Trog accepts your kill.
The large bag of meat explodes!
The fiery explosion engulfs the bag of meat!! x2
The fiery explosion engulfs you!!
You die...

##..... .. V.O.....o ...
#O#...... ....
........O####.o..
.V.....oO...oo.@.
........oo§V.o.o#
........o.§○§o.o..o
....o......o§@)o.o.§#
#.......#..))))......
#.......#..ooooo....#
.###.......###.o.o......
......###.....))o..o..##
....._.....)..........
#.....#.......#O#...
#_.<._#.)...........
...#.....#.))...#.#.#.


You could see The Servant, a destroyer, a large bag of meat (inner flame), 4
meat berserkers and 24 bags of meat.

Vanquished Creatures
  14 ogres (D)
  A two-headed ogre (D)
  23 orcs (D)
38 creatures vanquished.

Notes
Turn   | Place    | Note
-------+----------+-------------------------------------------
     0 | D        | Found the +∞ Axe of Woe
     0 | D        | DiggyJ the Hill Orc Berserker began the quest for the Orb.
     0 | D        | Reached XP level 1. HP: 19/19 MP: 1/1
     2 | D        | Noticed a bag of meat
     3 | D        | Noticed a meat berserker
     5 | D        | Noticed a bag of meat
     6 | D        | Noticed a bag of meat
     7 | D        | Killed a meat berserker
     7 | D        | Killed a bag of meat
     7 | D        | Reached ** piety under Trog
     7 | D        | Noticed a meat berserker
     7 | D        | Noticed a bag of meat
     8 | D        | Reached XP level 2. HP: 62/62 MP: 2/2
     8 | D        | Reached XP level 3. HP: 70/70 MP: 3/3
     8 | D        | Reached XP level 4. HP: 78/78 MP: 4/4
     8 | D        | Reached XP level 5. HP: 85/85 MP: 5/5
     8 | D        | Reached XP level 6. HP: 94/94 MP: 6/6
     8 | D        | Reached XP level 7. HP: 101/101 MP: 7/7
     8 | D        | Reached XP level 8. HP: 110/110 MP: 8/8
     8 | D        | Reached XP level 9. HP: 117/117 MP: 9/9
     8 | D        | Reached XP level 10. HP: 125/125 MP: 10/10
     8 | D        | Reached XP level 11. HP: 133/133 MP: 11/11
     8 | D        | Reached XP level 12. HP: 141/141 MP: 12/12
     9 | D        | Killed a bag of meat
     9 | D        | Noticed a meat berserker
    10 | D        | Reached skill level 27 in Axes
    10 | D        | Reached skill level 10 in Dodging
    10 | D        | Reached XP level 13. HP: 154/154 MP: 13/13
    10 | D        | Noticed a bag of meat
    11 | D        | Noticed a bag of meat
    11 | D        | Noticed a meat berserker
    12 | D        | Killed a meat berserker
    13 | D        | Reached skill level 27 in Fighting
    13 | D        | Reached XP level 14. HP: 129/168 MP: 14/14
    13 | D        | Noticed a bag of meat
    14 | D        | Noticed a meat berserker
    14 | D        | Killed a bag of meat
    14 | D        | Reached *** piety under Trog
    14 | D        | Killed a bag of meat
    15 | D        | Reached skill level 15 in Dodging
    15 | D        | Noticed a bag of meat
    16 | D        | Killed a meat berserker
    16 | D        | Killed a bag of meat
    16 | D        | Noticed a bag of meat
    17 | D        | Reached XP level 15. HP: 38/174 MP: 15/15
    18 | D        | Noticed a meat berserker
    19 | D        | Noticed a meat berserker
    19 | D        | Noticed a meat berserker
    19 | D        | Noticed a meat berserker
    19 | D        | Noticed a meat berserker
    20 | D        | Killed a meat berserker
    20 | D        | Reached **** piety under Trog
    20 | D        | Killed a meat berserker
    20 | D        | Noticed a meat berserker
    21 | D        | Reached skill level 27 in Armour
    21 | D        | Reached XP level 16. HP: 42/183 MP: 16/16
    21 | D        | Noticed a large bag of meat
    21 | D        | Noticed a meat berserker
    21 | D        | Noticed a meat berserker
    22 | D        | Killed a meat berserker
    23 | D        | Noticed a meat berserker
    23 | D        | Noticed a large bag of meat
    24 | D        | Killed a meat berserker
    24 | D        | Reached ***** piety under Trog
    24 | D        | Killed a meat berserker
    24 | D        | Killed a meat berserker
    24 | D        | Noticed a destroyer
    25 | D        | Reached skill level 27 in Dodging
    25 | D        | Reached XP level 17. HP: 17/191 MP: 17/17
    25 | D        | Killed a meat berserker
    25 | D        | Received a gift from Trog
    25 | D        | Killed a meat berserker
    25 | D        | Noticed a meat berserker
    25 | D        | Noticed a destroyer
    26 | D        | Reached skill level 27 in Stealth
    26 | D        | Reached XP level 18. HP: 18/200 MP: 18/18
    26 | D        | Noticed a destroyer
    27 | D        | Killed a meat berserker
    27 | D        | Killed a meat berserker
    27 | D        | Received a gift from Trog
    27 | D        | Noticed a meat berserker
    27 | D        | Noticed a meat berserker
    28 | D        | Reached skill level 10 in Staves
    28 | D        | Reached skill level 10 in Ranged Weapons
    28 | D        | Reached skill level 10 in Throwing
    28 | D        | Reached skill level 10 in Evocations
    28 | D        | Reached XP level 19. HP: 19/207 MP: 18/29
    28 | D        | Noticed a meat berserker
    28 | D        | Killed a meat berserker
    28 | D        | Reached ****** piety under Trog
    28 | D        | Received a gift from Trog
    29 | D        | Reached XP level 20. HP: 21/216 MP: 18/32
    29 | D        | Noticed The Servant
    29 | D        | Killed a large bag of meat
    29 | D        | Received a gift from Trog
    29 | D        | Killed by an exploding large bag of meat... ignited by
                  | their inner flame

Illustrated notes

Levels and vault maps discovered:
D:        meatsprint

Skill      XL: |  1  2  3  4  5  6  7  8  9 10 11 12 13 14 15 16 17 18 19 |
---------------+----------------------------------------------------------+-----
Fighting       | 23 25 27 | 27.0
Axes           | 25 27 | 27.0
Armour         | 12 13 16 24 27 | 27.0
Dodging        | 9 10 13 19 23 27 | 27.0
Stealth        | 20 27 | 27.0
Short Blades   | 11 14 | 14.4
Long Blades    | 11 14 | 14.8
Maces & Flails | 11 14 | 14.8
Polearms       | 11 14 | 14.8
Staves         | 10 12 | 12.6
Ranged Weapons | 10 12 | 12.6
Throwing       | 10 12 | 12.6
Shields        | 11 14 | 14.9
Unarmed Combat | 11 14 | 14.8
Invocations    | 13 17 | 17.4
Evocations     | 10 13 | 13.7

Action                     |  1- 3 |  4- 6 |  7- 9 | 10-12 | 13-15 | 16-18 | 19-21 || total
---------------------------+-------+-------+-------+-------+-------+-------+-------++-------
  Melee: Executioner's axe |     1 |       |       |     1 |     4 |     4 |     2 ||    12

Table legend: (Time is in decaauts)
 A = Elapsed time spent in this place.
 B = Non-inter-level travel time spent in this place.
 C = Inter-level travel time spent in this place.
 D = Time resting spent in this place.
 E = Time spent auto-exploring this place.
 F = Levels seen in this place.
 G = Mean time per level.
                   A        B        C        D        E       F      G
               +--------+--------+--------+--------+--------+-----+--------+
         Total |     26 |     26 |      0 |      0 |      0 |   1 |   26.0 |
       Dungeon |     26 |     26 |      0 |      0 |      0 |   1 |   26.0 |
               +--------+--------+--------+--------+--------+-----+--------+

Top non-repeatable levels by time:
       D: 26 daAuts
